[ PARTIDA AOE2 · #477772311 ]
1v1 RMBúlgaros vs Tatars
Equipo del jugador · DERR
Equipo rival · VICT
[ ANÁLISIS DE REPETICIÓN · EXTRAÍDO DE LA PARTIDA GRABADA ]
Feudal
11:54
Castillos
26:37
Imperial
—
| APM promedio | 17.8 |
| APM pico | 49 |
| eAPM promedio | 13.7 |
| Aldeanos / militares | 84 / 35 |
Foco
⚔️ 20.3% · 🌾 79.7%
Konnik ×23 · Militia ×4 · Archer ×4 · Monk ×4
Feudal
9:22
Castillos
22:11
Imperial
40:40
| APM promedio | 19.8 |
| APM pico | 46 |
| eAPM promedio | 12.7 |
| Aldeanos / militares | 74 / 111 |
Foco
⚔️ 35.8% · 🌾 64.2%
Militia ×64 · Skirmisher ×31 · Battering Ram ×12 · Spearman ×4
Mapa de la partida
Recursos iniciales + cada clic de construcción. Líneas = muros · curvas = relieve. ◆ oro · ⬟ piedra · ● bayas · ✦ reliquia · ◌ hueco del cierre
Tu base· Abierta — hueco de 7t
Base de Boosey· Abierta — flanco sin cerrar
Terreno inicial suavizado · ◌ = hueco del cierre detectado · pasá el cursor para detalles
Inputs por minuto
— YumpinYiminy - - Boosey
Build order — YumpinYiminy
Primeras 150 de 214 acciones detectadas
| 0:06 | Construir | House |
| 0:10 | Construir | House |
| 0:19 | Crear | Villager (Male) |
| 0:19 | Crear | Villager (Male) |
| 0:19 | Crear | Villager (Male) |
| 0:20 | Crear | Villager (Male) |
| 1:47 | Crear | Villager (Male) |
| 2:09 | Crear | Villager (Male) |
| 2:46 | Construir | Lumber Camp |
| 2:59 | Crear | Villager (Male) |
| 2:59 | Crear | Villager (Male) |
| 3:30 | Crear | Villager (Male) |
| 3:31 | Crear | Villager (Male) |
| 3:31 | Crear | Villager (Male) |
| 4:23 | Crear | Villager (Male) |
| 4:23 | Crear | Villager (Male) |
| 4:53 | Construir | Mill |
| 4:57 | Crear | Villager (Male) |
| 4:57 | Crear | Villager (Male) |
| 5:28 | Construir | House |
| 5:31 | Construir | House |
| 5:40 | Crear | Villager (Male) |
| 6:03 | Construir | Lumber Camp |
| 6:22 | Crear | Villager (Male) |
| 7:34 | Crear | Villager (Male) |
| 7:34 | Crear | Villager (Male) |
| 8:14 | Crear | Villager (Male) |
| 8:14 | Crear | Villager (Male) |
| 9:07 | Construir | Farm |
| 9:11 | Investigar | Loom |
| 9:15 | Construir | Farm |
| 9:29 | Construir | House |
| 9:31 | Construir | House |
| 9:44 | Investigar | Feudal Age |
| 10:35 | Construir | Mining Camp |
| 10:41 | Construir | Mining Camp |
| 11:02 | Construir | Lumber Camp |
| 11:19 | Crear | Villager (Male) |
| 11:19 | Crear | Villager (Male) |
| 11:19 | Crear | Villager (Male) |
| 11:19 | Crear | Villager (Male) |
| 11:54 | Edad | Edad Feudal |
| 11:56 | Investigar | Double-Bit Axe |
| 12:22 | Investigar | Horse Collar |
| 12:26 | Construir | Farm |
| 12:48 | Construir | Farm |
| 13:08 | Construir | Mining Camp |
| 13:32 | Construir | Market |
| 13:37 | Crear | Villager (Male) |
| 13:38 | Crear | Villager (Male) |
| 13:38 | Crear | Villager (Male) |
| 13:38 | Crear | Villager (Male) |
| 14:11 | Construir | Blacksmith |
| 14:16 | Construir | Blacksmith |
| 14:21 | Crear | Villager (Male) |
| 14:21 | Crear | Villager (Male) |
| 15:15 | Crear | Villager (Male) |
| 16:01 | Crear | Villager (Male) |
| 16:01 | Crear | Villager (Male) |
| 16:19 | Construir | Barracks |
| 16:34 | Construir | Watch Tower |
| 16:50 | Construir | House |
| 17:03 | Construir | Mill |
| 17:18 | Investigar | Forging |
| 17:19 | Investigar | Scale Mail Armor |
| 17:21 | Crear | Militia |
| 17:21 | Crear | Militia |
| 17:21 | Crear | Militia |
| 17:21 | Crear | Militia |
| 17:44 | Construir | Archery Range |
| 17:52 | Construir | Farm |
| 17:57 | Construir | Farm |
| 18:14 | Investigar | Fletching |
| 18:15 | Investigar | Padded Archer Armor |
| 18:31 | Construir | Watch Tower |
| 18:33 | Crear | Archer |
| 18:33 | Crear | Archer |
| 18:34 | Crear | Archer |
| 18:34 | Crear | Archer |
| 18:39 | Crear | Villager (Male) |
| 18:39 | Crear | Villager (Male) |
| 19:18 | Investigar | Gold Mining |
| 19:38 | Construir | Farm |
| 19:48 | Construir | House |
| 20:10 | Construir | Lumber Camp |
| 20:16 | Construir | House |
| 20:29 | Crear | Villager (Male) |
| 20:29 | Crear | Villager (Male) |
| 20:31 | Crear | Villager (Male) |
| 20:31 | Crear | Villager (Male) |
| 20:52 | Construir | Farm |
| 21:05 | Construir | Watch Tower |
| 21:38 | Construir | Farm |
| 21:49 | Construir | Stone Wall |
| 21:58 | Construir | Stone Wall |
| 22:04 | Construir | Stone Wall |
| 22:11 | Construir | Farm |
| 23:18 | Construir | Gate |
| 23:22 | Construir | Stone Wall |
| 23:28 | Construir | Stone Wall |
| 23:47 | Construir | Mill |
| 23:57 | Investigar | Castle Age |
| 24:23 | Investigar | Scale Barding Armor |
| 25:20 | Investigar | Stone Mining |
| 25:42 | Construir | Lumber Camp |
| 26:37 | Edad | Edad de los Castillos |
| 26:44 | Construir | Town Center |
| 26:49 | Investigar | Wheelbarrow |
| 26:51 | Investigar | Heavy Plow |
| 27:28 | Construir | Monastery |
| 27:37 | Investigar | Iron Casting |
| 28:05 | Construir | Town Center |
| 28:08 | Crear | Villager (Male) |
| 28:08 | Crear | Villager (Male) |
| 28:17 | Crear | Monk |
| 28:18 | Crear | Monk |
| 28:41 | Crear | Villager (Male) |
| 28:42 | Crear | Villager (Male) |
| 28:44 | Construir | Farm |
| 28:44 | Construir | Farm |
| 28:50 | Crear | Villager (Male) |
| 29:09 | Construir | Krepost |
| 29:53 | Crear | Villager (Male) |
| 29:53 | Crear | Villager (Male) |
| 29:53 | Crear | Villager (Male) |
| 29:59 | Crear | Villager (Male) |
| 29:59 | Crear | Villager (Male) |
| 30:27 | Crear | Konnik |
| 30:28 | Crear | Konnik |
| 30:34 | Construir | Town Center |
| 31:05 | Crear | Villager (Male) |
| 31:06 | Crear | Villager (Male) |
| 31:06 | Crear | Villager (Male) |
| 31:06 | Crear | Villager (Male) |
| 31:33 | Construir | Krepost |
| 31:54 | Crear | Konnik |
| 32:19 | Crear | Konnik |
| 32:19 | Crear | Konnik |
| 32:45 | Crear | Konnik |
| 32:45 | Crear | Konnik |
| 32:45 | Crear | Konnik |
| 32:45 | Crear | Konnik |
| 33:12 | Construir | Krepost |
| 33:17 | Crear | Konnik |
| 33:17 | Crear | Konnik |
| 33:17 | Crear | Konnik |
| 33:18 | Crear | Konnik |
| 34:24 | Crear | Monk |
| 34:24 | Crear | Monk |
| 34:32 | Crear | Villager (Male) |
Build order — Boosey
Primeras 150 de 295 acciones detectadas
| 0:00 | Crear | Villager (Male) |
| 0:01 | Crear | Villager (Male) |
| 0:01 | Crear | Villager (Male) |
| 0:01 | Crear | Villager (Male) |
| 0:02 | Crear | Villager (Male) |
| 0:08 | Construir | House |
| 0:11 | Construir | House |
| 1:50 | Crear | Villager (Male) |
| 1:50 | Crear | Villager (Male) |
| 2:20 | Crear | Villager (Male) |
| 2:44 | Crear | Villager (Male) |
| 3:07 | Crear | Villager (Male) |
| 3:39 | Crear | Villager (Male) |
| 3:54 | Crear | Villager (Male) |
| 3:58 | Construir | House |
| 4:38 | Crear | Villager (Male) |
| 4:58 | Crear | Villager (Male) |
| 5:26 | Crear | Villager (Male) |
| 5:52 | Crear | Villager (Male) |
| 5:58 | Construir | Lumber Camp |
| 6:47 | Construir | Mill |
| 7:12 | Investigar | Feudal Age |
| 7:18 | Construir | House |
| 8:47 | Crear | Villager (Male) |
| 8:48 | Crear | Villager (Male) |
| 9:19 | Construir | Lumber Camp |
| 9:22 | Edad | Edad Feudal |
| 9:25 | Investigar | Double-Bit Axe |
| 9:41 | Investigar | Horse Collar |
| 9:48 | Crear | Villager (Male) |
| 10:12 | Crear | Villager (Male) |
| 11:01 | Crear | Villager (Male) |
| 11:09 | Construir | House |
| 11:25 | Crear | Villager (Male) |
| 11:51 | Construir | House |
| 11:59 | Crear | Villager (Male) |
| 11:59 | Crear | Villager (Male) |
| 12:35 | Construir | Barracks |
| 12:45 | Crear | Villager (Male) |
| 12:45 | Crear | Villager (Male) |
| 12:51 | Construir | Farm |
| 12:56 | Construir | Mining Camp |
| 13:07 | Crear | Villager (Male) |
| 13:12 | Construir | Farm |
| 13:15 | Crear | Villager (Male) |
| 13:17 | Construir | Farm |
| 13:31 | Construir | Stable |
| 13:39 | Investigar | Man-at-Arms (upgrade) |
| 13:41 | Crear | Militia |
| 13:41 | Crear | Militia |
| 13:49 | Crear | Villager (Male) |
| 13:58 | Construir | Farm |
| 13:59 | Construir | Farm |
| 14:00 | Construir | Farm |
| 14:02 | Construir | Farm |
| 14:03 | Construir | Farm |
| 14:06 | Crear | Villager (Male) |
| 14:23 | Construir | Blacksmith |
| 14:48 | Crear | Villager (Male) |
| 14:54 | Construir | House |
| 14:56 | Construir | House |
| 15:00 | Investigar | Forging |
| 15:01 | Investigar | Scale Mail Armor |
| 15:03 | Crear | Militia |
| 15:03 | Crear | Militia |
| 15:24 | Construir | Farm |
| 15:27 | Construir | Farm |
| 15:42 | Construir | House |
| 15:43 | Construir | House |
| 15:44 | Construir | House |
| 15:45 | Construir | House |
| 15:48 | Crear | Militia |
| 15:54 | Crear | Villager (Male) |
| 15:54 | Crear | Villager (Male) |
| 15:54 | Crear | Villager (Male) |
| 16:30 | Construir | Mill |
| 16:34 | Construir | Farm |
| 16:35 | Construir | Farm |
| 16:48 | Crear | Villager (Male) |
| 17:11 | Crear | Militia |
| 17:18 | Construir | House |
| 17:19 | Construir | House |
| 17:23 | Construir | Farm |
| 17:24 | Construir | Farm |
| 17:25 | Construir | Farm |
| 17:26 | Crear | Villager (Male) |
| 17:27 | Crear | Villager (Male) |
| 17:43 | Crear | Militia |
| 17:53 | Construir | Farm |
| 18:01 | Construir | Farm |
| 18:17 | Construir | House |
| 18:18 | Construir | House |
| 18:56 | Construir | Farm |
| 19:12 | Construir | Market |
| 19:31 | Investigar | Castle Age |
| 19:49 | Construir | House |
| 19:50 | Construir | House |
| 19:52 | Construir | House |
| 21:03 | Construir | Barracks |
| 21:33 | Crear | Militia |
| 21:33 | Crear | Militia |
| 21:54 | Construir | Barracks |
| 21:55 | Crear | Militia |
| 21:56 | Crear | Militia |
| 22:11 | Edad | Edad de los Castillos |
| 22:37 | Construir | Town Center |
| 22:40 | Crear | Villager (Male) |
| 22:40 | Crear | Villager (Male) |
| 22:41 | Investigar | Heavy Plow |
| 22:44 | Crear | Militia |
| 22:44 | Crear | Militia |
| 22:49 | Investigar | Long Swordsman (upgrade) |
| 23:02 | Investigar | Squires |
| 23:20 | Construir | Mill |
| 23:23 | Investigar | Bow Saw |
| 23:25 | Crear | Villager (Male) |
| 23:26 | Crear | Villager (Male) |
| 24:07 | Construir | Archery Range |
| 24:10 | Crear | Villager (Male) |
| 24:11 | Crear | Villager (Male) |
| 24:11 | Crear | Villager (Male) |
| 24:34 | Construir | Mining Camp |
| 24:37 | Crear | Villager (Male) |
| 24:37 | Crear | Villager (Male) |
| 24:50 | Crear | Skirmisher |
| 24:50 | Crear | Skirmisher |
| 25:01 | Construir | Lumber Camp |
| 25:06 | Crear | Villager (Male) |
| 25:06 | Crear | Villager (Male) |
| 25:12 | Crear | Villager (Male) |
| 25:28 | Crear | Skirmisher |
| 25:33 | Investigar | Iron Casting |
| 25:36 | Investigar | Fletching |
| 25:40 | Crear | Militia |
| 25:41 | Crear | Militia |
| 25:42 | Crear | Militia |
| 26:01 | Crear | Militia |
| 26:02 | Crear | Militia |
| 26:05 | Crear | Militia |
| 26:15 | Crear | Skirmisher |
| 26:15 | Crear | Skirmisher |
| 26:16 | Crear | Skirmisher |
| 26:50 | Crear | Villager (Male) |
| 26:50 | Crear | Villager (Male) |
| 26:53 | Crear | Villager (Male) |
| 26:53 | Crear | Villager (Male) |
| 27:12 | Construir | Siege Workshop |
| 27:26 | Crear | Villager (Male) |
| 27:41 | Construir | Farm |
| 27:46 | Crear | Villager (Male) |
Cronología de la partida
| 9:22 | Boosey · age_up feudal |
| 11:54 | YumpinYiminy · age_up feudal |
| 12:35 | Boosey · first_building Barracks |
| 13:31 | Boosey · first_building Stable |
| 16:19 | YumpinYiminy · first_building Barracks |
| 17:44 | YumpinYiminy · first_building Archery Range |
| 21:49 | YumpinYiminy · wall_segment Stone Wall x2 |
| 21:58 | YumpinYiminy · wall_segment Stone Wall x2 |
| 22:04 | YumpinYiminy · wall_segment Stone Wall x1 |
| 22:11 | Boosey · age_up castle |
| 23:22 | YumpinYiminy · wall_segment Stone Wall x2 |
| 23:28 | YumpinYiminy · wall_segment Stone Wall x1 |
| 23:53 | YumpinYiminy · first_market_buy 100 food |
| 24:00 | Boosey · first_market_buy 100 wood |
| 24:07 | Boosey · first_building Archery Range |
| 26:37 | YumpinYiminy · age_up castle |
| 27:12 | Boosey · first_building Siege Workshop |
| 27:28 | YumpinYiminy · first_building Monastery |
| 29:09 | YumpinYiminy · first_building Krepost |
| 36:05 | YumpinYiminy · first_building Castle |
| 36:33 | Boosey · first_building Castle |
| 37:44 | YumpinYiminy · first_building Siege Workshop |
| 40:28 | YumpinYiminy · first_building Stable |
| 40:40 | Boosey · age_up imperial |
| 42:48 | YumpinYiminy · first_market_sell 100 wood |
| 44:38 | YumpinYiminy · resign |
[ ANÁLISIS IA · 1 CRÉDITO ]
¿Qué pasó realmente en esta partida?
Wolo.gg analiza cada decisión: build order, eco, micro, errores típicos por bracket. Análisis personalizado por WhatsApp o Discord en 30 segundos.
Guía civ
Búlgaros
Guía mapa
Vulpine
Perfil
Jugador #2224901